 Dungeon Crawl Stone Soup version 0.29-a0-542-g075992c915 (webtiles) character file.

Game seed: 13554066772400658920

3176 MechDurjaeses the Blocker (level 9, -3/74 HPs)
             Began as a Gnoll Fighter on June 3, 2022.
             Was a Priest of Okawaru.
             Slain by a meliai zombie (8 damage)
             ... on level 7 of the Dungeon.
             The game lasted 00:19:22 (7709 turns).

MechDurjaeses the Blocker (Gnoll Fighter)           Turns: 7709, Time: 00:19:22

Health: -3/74      AC: 15    Str: 16    XL:     9   Next: 95%
Magic:  16/16      EV: 12    Int: 12    God:    Okawaru [***...]
Gold:   208        SH:  6    Dex: 17    Spells: 14/17 levels left

rFire   . . .      SeeInvis .   a - +1 trident
rCold   + . .      Faith    .   c - +0 buckler
rNeg    . . .      Spirit   .   x - +3 ring mail
rPois   +          Reflect  .   L - +0 helmet
rElec   .          Harm     .   f - +2 cloak
rCorr   .          Rampage  .   (no gloves)
Will    .....                   w - +0 pair of boots
Stlth   ++........              G - amulet of the acrobat
HPRegen 0.22/turn               j - +6 ring of dexterity
MPRegen 0.15/turn               u - ring of poison resistance

@: unable to read
A: fangs 1, strong nose, distributed training, talons 1, cold resistance 1,
inability to read while threatened
a: Renounce Religion, Heroism


You were on level 7 of the Dungeon.
You worshipped Okawaru.
Okawaru was most pleased with you.
You visited 2 branches of the dungeon, and saw 8 of its levels.

You collected 208 gold pieces.

Inventory:

Hand Weapons
 a - a +1 trident (weapon)
 b - a +2 hunting sling of freezing
 d - a +0 short sword of protection
 t - a +0 rapier
 J - a +2 hand axe of freezing
Missiles
 K - a throwing net
Armour
 c - a +0 buckler (worn)
 e - a +0 leather armour
 f - a +2 cloak (worn)
 q - a scarf of repulsion
 w - a +0 pair of boots (worn)
 x - a +3 ring mail (worn)
 L - a +0 helmet (worn)
Magical Staves
 D - a staff of death
Jewellery
 i - a ring of protection from cold
 j - a +6 ring of dexterity (left hand)
 u - a ring of poison resistance (right hand)
 C - a ring of magical power
 G - an amulet of the acrobat (around neck)
Wands
 I - a wand of polymorph (5)
Scrolls
 h - a scroll of magic mapping
 p - 2 scrolls of fear {unknown}
 y - a scroll of blinking {unknown}
 A - 2 scrolls of teleportation
 B - a scroll of immolation {unknown}
 F - a scroll of torment {unknown}
 H - a scroll of identify
Potions
 g - a potion of cancellation
 k - a potion of curing
 m - 2 potions of heal wounds
 n - a potion of flight
 o - a potion of attraction {unknown}
 r - 3 potions of brilliance
 v - a potion of haste {unknown}
 z - a potion of mutation


   Skills:
 + Level 8.1 Fighting
 + Level 4.7 Short Blades
 + Level 4.7 Long Blades
 + Level 4.7 Axes
 + Level 4.7 Maces & Flails
 + Level 6.6 Polearms
 + Level 4.7 Staves
 + Level 4.7 Slings
 + Level 4.7 Bows
 + Level 4.7 Crossbows
 + Level 4.7 Throwing
 + Level 8.1 Armour
 + Level 4.7 Dodging
 + Level 4.7 Stealth
 + Level 8.1 Shields
 + Level 4.7 Unarmed Combat
 + Level 4.7 Spellcasting
 + Level 3.9 Conjurations
 + Level 3.9 Hexes
 + Level 3.9 Summonings
 + Level 3.9 Necromancy
 + Level 3.9 Translocations
 + Level 3.9 Transmutations
 + Level 3.9 Fire Magic
 + Level 3.9 Ice Magic
 + Level 3.9 Air Magic
 + Level 3.9 Earth Magic
 + Level 3.9 Poison Magic
 + Level 5.2 Invocations
 + Level 4.7 Evocations


You had 14 spell levels left.
You knew the following spells:

 Your Spells              Type           Power      Damage    Failure   Level
a - Necrotize             Necr           48%        1d6       9%          1
b - Static Discharge      Conj/Air       12%        N/A       13%         2

Your spell library contained the following spells:

 Spells                   Type           Power      Damage    Failure   Level
 Vampiric Draining        Necr           12%        2d6       26%         3
 Agony                    Necr           12%        N/A       94%         5
 Lightning Bolt           Conj/Air       6%         1d18      94%         5
 Maxwell's Capacitive Co  Air            6%         ∞         100%        8


Dungeon Overview and Level Annotations

Branches:
Dungeon (7/15)             Temple (1/1) D:4

Altars:
Ashenzari
Cheibriados
Dithmenos
Elyvilon
Fedhas
Gozag
Hepliaklqana
Kikubaaqudgha
Makhleb
Nemelex Xobeh
Okawaru
Qazlal
Ru
Trog
Uskayaw
Vehumet
Wu Jian
Xom
Yredelemnul
Zin
The Shining One

Shops:
D:2 (


Innate Abilities, Weirdness & Mutations

You have very sharp teeth.
Your uncanny sense of smell can sniff out nearby items.
Your experience applies equally to all skills.
You have sharp toenails.
Your flesh is cold resistant. (rC+)
You sometimes lose the ability to read scrolls when taking damage.


Message History

The meliai zombie is moderately damaged.
You block the meliai zombie's attack.
The meliai zombie hits you but does no damage.
You block the meliai zombie's attack. The meliai zombie hits you.
* * * LOW HITPOINT WARNING * * *
You barely miss the meliai zombie.
The meliai zombie is moderately damaged.
You can read scrolls again.
The meliai zombie hits you but does no damage.
The meliai zombie hits you.
* * * LOW HITPOINT WARNING * * *
The meliai zombie hits you but does no damage.
The meliai zombie closely misses you.
You hit the meliai zombie.
The meliai zombie is moderately damaged.
You block the meliai zombie's attack.
The meliai zombie hits you but does no damage.
The meliai zombie barely misses you. You block the meliai zombie's attack.
You barely miss the meliai zombie.
The meliai zombie is moderately damaged.
The meliai zombie closely misses you.
The meliai zombie hits you but does no damage. x2
The meliai zombie hits you.
* * * LOW HITPOINT WARNING * * *
You hit the meliai zombie.
The meliai zombie is heavily damaged.
You block the meliai zombie's attack.
The meliai zombie hits you but does no damage. x2
The meliai zombie hits you.
* * * LOW HITPOINT WARNING * * *
You barely miss the meliai zombie.
The meliai zombie is heavily damaged.
The meliai zombie hits you!
You feel threatened and lose the ability to read scrolls!
* * * LOW HITPOINT WARNING * * *
The meliai zombie barely misses you.
You hit the meliai zombie. Your bite misses the meliai zombie.
The meliai zombie is heavily damaged.
The meliai zombie hits you!
You die...

#.# #.#### #....# ∆
###....# #
#.###<#....## .#
#>..........# .#
#+###.#.###.# #.##).
#.#.###.#######.....#
#+#........)@Z..#
..........####.##
..........# #..# ∆∆
..........# #..#
..........# #..#
#.#####...# #.## #.
###.. #.. ##.# #..
#...


You could see a meliai zombie.

Vanquished Creatures
  A two-headed ogre (D:6)
  Sigmund (D:2)
  Duvessa (D:5)
  An ice beast (D:5)
  A black bear (D:7)
  An orc warrior (D:6)
  A centaur (D:7)
  2 ogres
  A phantom (D:5)
  2 kobold brigands (D:7)
  A gnoll sergeant (D:6)
  2 bullfrogs (D:7)
  4 necrophages
  8 scorpions
  Dowan (D:5)
  2 howler monkeys
  A jelly (D:6)
  A gnoll shaman (D:6)
  4 hounds
  An iguana (D:7)
  2 orc wizards (D:6)
  22 gnolls
  3 adders
  An ufetubus (D:6)
  2 worms (D:3)
  8 dart slugs
  15 orcs
  7 endoplasms
  2 giant cockroaches
  A goblin (D:4)
  6 hobgoblins
  4 jackals (D:1)
  5 kobolds
  3 quokkas
  5 ball pythons (D:1)
  9 bats
  5 frilled lizards
  4 rats
141 creatures vanquished.

Vanquished Creatures (others)
  6 plants (D:5)
  3 withered plants (D:7)
9 creatures vanquished.

Grand Total: 150 creatures vanquished

Notes
Turn   | Place    | Note
-------+----------+-------------------------------------------
     0 | D:1      | MechDurjaeses the Gnoll Fighter began the quest for the
                  | Orb.
     0 | D:1      | Reached XP level 1. HP: 23/23 MP: 1/1
   113 | D:1      | Reached XP level 2. HP: 26/29 MP: 2/2
   528 | D:1      | Found a faded altar of an unknown god.
   540 | D:1      | Reached XP level 3. HP: 32/35 MP: 3/3
   742 | D:1      | Reached skill level 1 in Invocations
   903 | D:2      | Found Eneonu's Antique Weapon Emporium.
  1073 | D:2      | Reached skill level 1 in Short Blades
  1073 | D:2      | Reached skill level 1 in Long Blades
  1073 | D:2      | Reached skill level 1 in Axes
  1073 | D:2      | Reached skill level 1 in Maces & Flails
  1073 | D:2      | Reached skill level 1 in Staves
  1073 | D:2      | Reached skill level 1 in Slings
  1073 | D:2      | Reached skill level 1 in Bows
  1073 | D:2      | Reached skill level 1 in Crossbows
  1073 | D:2      | Reached skill level 1 in Throwing
  1073 | D:2      | Reached skill level 1 in Dodging
  1073 | D:2      | Reached skill level 1 in Stealth
  1073 | D:2      | Reached skill level 1 in Unarmed Combat
  1073 | D:2      | Reached skill level 1 in Spellcasting
  1073 | D:2      | Reached skill level 1 in Evocations
  1082 | D:2      | Reached XP level 4. HP: 17/41 MP: 5/5
  1426 | D:2      | Reached skill level 1 in Conjurations
  1426 | D:2      | Reached skill level 1 in Hexes
  1426 | D:2      | Reached skill level 1 in Summonings
  1426 | D:2      | Reached skill level 1 in Necromancy
  1426 | D:2      | Reached skill level 1 in Translocations
  1426 | D:2      | Reached skill level 1 in Transmutations
  1426 | D:2      | Reached skill level 1 in Fire Magic
  1426 | D:2      | Reached skill level 1 in Ice Magic
  1426 | D:2      | Reached skill level 1 in Air Magic
  1426 | D:2      | Reached skill level 1 in Earth Magic
  1426 | D:2      | Reached skill level 1 in Poison Magic
  1474 | D:2      | Noticed Sigmund
  2308 | D:2      | Gained mutation: Your muscles are strong. (Str +2) [potion
                  | of mutation]
  2308 | D:2      | Gained mutation: Armour fits poorly on your strangely
                  | shaped body. [potion of mutation]
  2308 | D:2      | Gained mutation: You have sharp toenails. [potion of
                  | mutation]
  2319 | D:2      | Killed Sigmund
  2320 | D:2      | Reached XP level 5. HP: 39/47 MP: 5/7
  2320 | D:2      | Reached XP level 6. HP: 44/53 MP: 5/8
  2485 | D:3      | Learned a level 1 spell: Necrotize
  2866 | D:3      | Learned a level 2 spell: Static Discharge
  3149 | D:3      | Reached skill level 5 in Polearms
  3522 | D:4      | Found a staircase to the Ecumenical Temple.
  3531 | Temple   | Entered the Ecumenical Temple
  3776 | Temple   | Became a worshipper of Warmaster Okawaru
  4099 | D:4      | Lost mutation: Your muscles are strong. (Str +2) [potion of
                  | mutation]
  4099 | D:4      | Lost mutation: Armour fits poorly on your strangely shaped
                  | body. [potion of mutation]
  4099 | D:4      | Gained mutation: You sometimes lose the ability to read
                  | scrolls when taking damage. [potion of mutation]
  4099 | D:4      | Gained mutation: Your flesh is cold resistant. (rC+)
                  | [potion of mutation]
  4957 | D:5      | Entered Level 5 of the Dungeon
  4991 | D:5      | Reached XP level 7. HP: 59/59 MP: 10/10
  5710 | D:5      | Reached XP level 8. HP: 67/67 MP: 12/12
  5876 | D:5      | Noticed Duvessa
  5876 | D:5      | Noticed Dowan
  5889 | D:5      | Killed Duvessa
  5889 | D:5      | Reached * piety under Okawaru
  5893 | D:5      | Killed Dowan
  6662 | D:6      | Reached XP level 9. HP: 62/72 MP: 14/14
  6734 | D:6      | Noticed a two-headed ogre
  7001 | D:6      | Reached ** piety under Okawaru
  7019 | D:6      | Killed a two-headed ogre
  7645 | D:7      | Reached skill level 5 in Invocations
  7688 | D:7      | Reached *** piety under Okawaru
  7709 | D:7      | Slain by a meliai zombie

Illustrated notes

Levels and vault maps discovered:
D:1:      heliophobic_arrival_enchanted_forest, layout_loops_cross,
          chequers_ecumenical_altar_simple_redux, item_on_display_a
D:2:      layout_loops_ring, serial_shops, nicolae_diamond_shop, uniq_sigmund
D:3:      minmay_recursive_quarters, layout_basic
D:4:      layout_layer_cave, minmay_temple_entry_gardened_gates,
          grunt_ministairs_11
D:5:      dreamdust_elfheim, layout_loops_ring, serial_bayou_lake_a
D:6:      layout_loops_ring
D:7:      cheibrodos_grave_circle, layout_basic, nicolae_take_the_stairs,
          minmay_between
Temple:   mainiacjoe_temple_trianglar_array

Skill      XL: |  1  2  3  4  5  6  7  8  9 |
---------------+----------------------------+-----
Invocations    | 1 2 3 4 5 |  5.2
Short Blades   | 1 2 3 4 |  4.7
Long Blades    | 1 2 3 4 |  4.7
Axes           | 1 2 3 4 |  4.7
Maces & Flails | 1 2 3 4 |  4.7
Staves         | 1 2 3 4 |  4.7
Slings         | 1 2 3 4 |  4.7
Bows           | 1 2 3 4 |  4.7
Crossbows      | 1 2 3 4 |  4.7
Throwing       | 1 2 3 4 |  4.7
Dodging        | 1 2 3 4 |  4.7
Stealth        | 1 2 3 4 |  4.7
Unarmed Combat | 1 2 3 4 |  4.7
Spellcasting   | 1 2 3 4 |  4.7
Evocations     | 1 2 3 4 |  4.7
Conjurations   | 1 2 3 |  3.9
Hexes          | 1 2 3 |  3.9
Summonings     | 1 2 3 |  3.9
Necromancy     | 1 2 3 |  3.9
Translocations | 1 2 3 |  3.9
Transmutations | 1 2 3 |  3.9
Fire Magic     | 1 2 3 |  3.9
Ice Magic      | 1 2 3 |  3.9
Air Magic      | 1 2 3 |  3.9
Earth Magic    | 1 2 3 |  3.9
Poison Magic   | 1 2 3 |  3.9
Polearms       | 5 6 |  6.6
Fighting       | 7 8 |  8.1
Armour         | 7 8 |  8.1
Shields        | 7 8 |  8.1

Action                   |  1- 3 |  4- 6 |  7- 9 || total
-------------------------+-------+-------+-------++-------
Melee: Trident           |   105 |   116 |   423 ||   644
       Bite              |     6 |    11 |    32 ||    49
       Kick              |       |    13 |       ||    13
 Fire: Hunting sling     |       |       |     8 ||     8
 Cast: Static Discharge  |       |     1 |     4 ||     5
Evoke: Wand              |       |       |     3 ||     3
  Use: Potion            |     1 |     6 |     5 ||    12
       Scroll            |       |     6 |     2 ||     8
 Stab: Sleeping          |       |     2 |     4 ||     6
       Invisible         |       |       |     4 ||     4
Armor: Scale mail        |    33 |     8 |       ||    41
       Leather armour    |       |     3 |       ||     3
       Ring mail         |       |     1 |   139 ||   140
       Skin              |       |       |     3 ||     3
Dodge: Dodged            |    32 |    40 |   199 ||   271
       Repelled          |       |     1 |     1 ||     2
Block: Buckler           |    30 |    12 |   107 ||   149

Table legend: (Time is in decaauts)
 A = Elapsed time spent in this place.
 B = Non-inter-level travel time spent in this place.
 C = Inter-level travel time spent in this place.
 D = Time resting spent in this place.
 E = Time spent auto-exploring this place.
 F = Levels seen in this place.
 G = Mean time per level.
                   A        B        C        D        E       F      G
               +--------+--------+--------+--------+--------+-----+--------+
         Total |   7791 |   7157 |    634 |    872 |   4954 |   8 |  973.9 |
       Dungeon |   7362 |   6760 |    602 |    872 |   4561 |   7 | 1051.7 |
        Temple |    428 |    396 |     32 |      0 |    393 |   1 |  428.0 |
               +--------+--------+--------+--------+--------+-----+--------+

Top non-repeatable levels by time:
     D:2: 1515 daAuts
     D:6: 1379 daAuts
     D:5: 1327 daAuts
     D:4: 1284 daAuts
     D:1: 901 daAuts
     D:3: 847 daAuts
  Temple: 428 daAuts
     D:7: 107 daAuts
